 Dungeon Crawl Stone Soup version 0.21-a0-616-g6d9b277d69 (webtiles) character file.

16 4tharraofdagon the Gusty (level 2, 0/13 HPs)
             Began as a Spriggan Air Elementalist on Dec 23, 2017.
             Slain by Crazy Yiuf
             ... wielding a +2 quarterstaff of chaos
              (2 damage)
             ... on level 3 of the Dungeon.
             The game lasted 00:01:33 (312 turns).

4tharraofdagon the Gusty (Spriggan Air Elementalist) Turns: 312, Time: 00:01:33

Health: 0/13       AC:  2    Str:  4    XL:     2   Next: 41%
Magic:  1/6        EV:  4    Int: 16    God:
Gold:   23         SH:  0    Dex: 16    Spells: 5/6 levels left

rFire    . . .     SeeInvis +   f - +0 short sword
rCold    . . .     Gourm    .   (shield restricted)
rNeg     + + +     Faith    .   a - +0 robe
rPois    ∞         Spirit   .   (helmet restricted)
rElec    .         Reflect  .   (no cloak)
rCorr    .         Harm     .   (gloves unavailable)
MR       .....                  (boots unavailable)
Stlth    ++........             (no amulet)
HPRegen  0.04/turn              (no ring)
MPRegen  0.10/turn              (no ring)

@: petrified, very slightly contaminated, very quick
A: very small, unfitting armour, see invisible, herbivore, speed 3, slow
metabolism 2
a: no special abilities


You were on level 3 of the Dungeon.
You were not hungry.

You visited 1 branch of the dungeon, and saw 3 of its levels.

You collected 23 gold pieces.

Inventory:

Hand Weapons
 f - a +0 short sword (weapon)
Armour
 a - a +0 robe (worn)
Scrolls
 d - a scroll of teleportation {unknown}
Books
 b - a book of Air

   Spells                             Type                      Level
   a - Shock                          Conjuration/Air              1
   b - Swiftness                      Charms/Air                   2
   c - Static Discharge               Conjuration/Air              3
   d - Airstrike                      Air                          4
   e - Lightning Bolt                 Conjuration/Air              5
Comestibles
 c - a ration


   Skills:
 - Level 3.0 Dodging
 - Level 3.0 Stealth
 - Level 2.6 Spellcasting
 - Level 0.6 Conjurations
 * Level 3.5 Air Magic


You had 5 spell levels left.
You knew the following spells:

 Your Spells              Type           Power        Failure   Level  Hunger
a - Shock                 Conj/Air       #...         9%          1    #......


Dungeon Overview and Level Annotations

Branches:
Dungeon (3/15)

Altars:

Annotations:
D:2 Sigmund
D:3 Crazy Yiuf


Innate Abilities, Weirdness & Mutations

You are very small and have problems with some larger weapons.
You are too small for most types of armour.
You have supernaturally acute eyesight. (SInv)
You are a herbivore.
You cover ground extremely quickly.
You need consume almost no food.


Message History

Aiming: Shock
Press: ? - help, Shift-Dir - straight line, p - Crazy Yiuf You miscast Shock.
You are blasted with air!
Crazy Yiuf hits you with a quarterstaff of chaos!
Ouch! That really hurt!
* * * LOW HITPOINT WARNING * * *
You are slowing down.
Unknown command.
Your limbs are stiffening.
Unknown command.
Unknown command.
It was a potion of curing.
You feel better.
Crazy Yiuf hits you with a quarterstaff of chaos!
Ouch! That really hurt!
Crazy Yiuf burns you.
* * * LOW HITPOINT WARNING * * *
You have turned to stone.
Crazy Yiuf says, "Island!
Ghoul toodlewoodle sallow."
Crazy Yiuf hits you with a quarterstaff of chaos.
You die...

#.# #.# #.#
#.# #.# #.#
#.# #.# #.#
#.# ##.## #.#
#...## #.#
#.#.g# #.#
#...@# #.#
####.# #†#
#.# #.# #.#
#.# #†# #.#
#.# #.#
#######.# #.#
........###.#
##..........#


You could see Crazy Yiuf.

Vanquished Creatures
  An adder (D:2)
  A dart slug (D:3)
  A hobgoblin (D:3)
  A bat (D:2)
  A frilled lizard (D:3)
  2 kobolds (D:1)
  A rat (D:3)
8 creatures vanquished.

Notes
Turn   | Place    | Note
-------+----------+-------------------------------------------
     0 | D:1      | 4tharraofdagon the Spriggan Air Elementalist began the quest for the Orb.
     0 | D:1      | Reached XP level 1. HP: 9/9 MP: 5/5
    98 | D:2      | Reached XP level 2. HP: 11/13 MP: 1/6
   164 | D:2      | Noticed Sigmund
   264 | D:3      | Found a runed door.
   268 | D:3      | Noticed Crazy Yiuf
   312 | D:3      | Slain by Crazy Yiuf

Vault maps used:
D:1:      erik_arrival_orb_chamber
D:2:      roderic_lattice_a, uniq_sigmund, uniq_natasha
D:3:      first_ration, goddamned_bats, uniq_crazy_yiuf_cottage

Skill      XL: |  1 |
---------------+----+-----
Air Magic      | 3 |  3.5
Dodging        | |  3.0
Stealth        | |  3.0
Spellcasting   | |  2.6
Conjurations   | |  0.6

Action                   || total
-------------------------++-------
Melee: Short sword       ||    16
 Cast: Shock             ||    12
  Use: Potion            ||     1
 Stab: Sleeping          ||     3
Armor: Robe              ||     1
Dodge: Dodged            ||    16

Table legend:
 A = Spawn XP
 B = Non-spawn XP
 C = Spawn XP percentage of total XP
 D = Spawn monster count
 E = Non-spawn monster count
 F = Spawn count percentage of total count
 G = Total turns spent on level
                    A         B        C        D         E        F      G
               +---------+---------+-------+---------+---------+-------+---------
         Total |       0 |      24 |   0.0 |       0 |       8 |   0.0 |   312
               +---------+---------+-------+---------+---------+-------+---------
           D:1 |       0 |       2 |   0.0 |       0 |       2 |   0.0 |    69
           D:2 |       0 |      14 |   0.0 |       0 |       2 |   0.0 |   119
           D:3 |       0 |       8 |   0.0 |       0 |       4 |   0.0 |   124
               +---------+---------+-------+---------+---------+-------+---------

Vault maps used:
D:1:      erik_arrival_orb_chamber
D:2:      roderic_lattice_a, uniq_sigmund, uniq_natasha
D:3:      first_ration, goddamned_bats, uniq_crazy_yiuf_cottage
